 Dungeon Crawl Stone Soup version 0.24.0-35-gdb84b6a5db (webtiles) character file.

Game seed: 17254013639376849294, levelgen mode: deterministic

108 Nattfarinn the Firebug (level 4, -3/24 HPs)
             Began as a Deep Elf Fire Elementalist on Nov 19, 2019.
             Slain by Sigmund
             ... wielding a +2 scythe of venom
              (11 damage)
             ... on level 2 of the Dungeon.
             The game lasted 00:04:27 (1549 turns).

Nattfarinn the Firebug (Deep Elf Fire Elementalist) Turns: 1549, Time: 00:04:28

Health: -3/24      AC:  2    Str:  5    XL:     4   Next: 58%
Magic:  12/12      EV: 13    Int: 21    God:
Gold:   93         SH:  0    Dex: 15    Spells: 10/11 levels left

rFire    . . .     SeeInvis .   (no weapon)
rCold    . . .     Gourm    .   (no shield)
rNeg     . . .     Faith    .   a - +0 robe
rPois    .         Spirit   .   (no helmet)
rElec    .         Reflect  .   (no cloak)
rCorr    .         Harm     .   (no gloves)
MR       .....                  (no boots)
Stlth    +.........             (no amulet)
HPRegen  0.08/turn              (no ring)
MPRegen  0.13/turn              (no ring)

@: confused, lethally poisoned (-3 -> -7)
A: no striking features
a: no special abilities


You were on level 2 of the Dungeon.
You were not hungry.

You visited 1 branch of the dungeon, and saw 2 of its levels.

You collected 93 gold pieces.

Inventory:

Armour
 a - a +0 robe (worn)
Scrolls
 e - a scroll of identify {unknown}
 g - a scroll of enchant armour {unknown}
 i - a scroll of immolation {unknown}
Potions
 d - a potion of brilliance {unknown}
 f - a potion of curing {unknown}
 h - a potion of haste {unknown}
 j - a potion of agility {unknown}
Comestibles
 c - a ration


   Skills:
 - Level 2.4 Dodging
 - Level 2.4 Stealth
 + Level 4.1 Spellcasting
 + Level 2.5 Conjurations
 * Level 4.8 Fire Magic


You had 10 spell levels left.
You knew the following spells:

 Your Spells              Type           Power        Failure   Level  Hunger
a - Flame Tongue          Conj/Fire      ###..        2%          1    None

Your spell library contained the following spells:

 Spells                   Type           Power        Failure   Level  Hunger
 Throw Flame              Conj/Fire      ###...       4%          2    #......
 Conjure Flame            Conj/Fire      ###.....     8%          3    ###....
 Inner Flame              Hex/Fire       ##......     13%         3    ###....
 Sticky Flame             Conj/Fire      ###.....     26%         4    ####...
 Fireball                 Conj/Fire      ###.......   58%         5    ######.


Dungeon Overview and Level Annotations

Branches:
Dungeon (2/15)

Altars:
Xom

Annotations:
D:2 Sigmund


Message History

Sigmund flickers, as though insubstantial.
The jackal barely misses you. The jackal misses you.
Sigmund points at you and mumbles some strange words.
The magic dart hits you. The jackal closely misses you. The jackal bites you.
The jackal bites you.
The teleport trap disappears.
The jackal disappears!
Sigmund gestures at you while chanting.
You are confused.
You're too confused to move!
Sigmund casts a spell at you.
You are more confused.
Sigmund hits you from afar with a +2 scythe of venom.
You are poisoned.
You bump into the rock wall.
You feel sick.
Unknown command.
You feel sick.
Sigmund hits you with a +2 scythe of venom!
You die...

.........###### .
..............#
##.......#.#.#.#.#
............÷...#
####.#.###.#.#.#.#.##
#..#.#.............#.
#..#.......#.#.#.#.#.
#..###.###.........#.
#...@......#.#.#.#...
#.#..@^..#...........
#.#.^_^..#...#####...
#.#...^^^..#.#.# #..÷
#.#<.......#.#.# #._.
......#..#.#.#.#.#
#...
###.###..#.#.#.#..
....## #.#
#..#.#.#.### ######
#.###..#.#.#. #


You could see Sigmund.

Vanquished Creatures
  A jelly (D:2)
  A worker ant (D:2)
  An adder (D:2)
  An ooze (D:1)
  A dart slug (D:1)
  2 leopard geckos (D:1)
  3 bats
  A giant cockroach (D:1)
  2 goblins (D:1)
  5 hobgoblins (D:1)
  3 jackals (D:1)
  2 quokkas (D:2)
  3 frilled lizards (D:1)
  6 kobolds (D:1)
  5 rats (D:1)
37 creatures vanquished.

Notes
Turn   | Place    | Note
-------+----------+-------------------------------------------
     0 | D:1      | Nattfarinn the Deep Elf Fire Elementalist began the quest
                  | for the Orb.
     0 | D:1      | Reached XP level 1. HP: 10/10 MP: 6/6
   231 | D:1      | Reached XP level 2. HP: 15/15 MP: 5/8
   805 | D:1      | Reached XP level 3. HP: 19/19 MP: 3/10
  1198 | D:2      | Found a shimmering altar of Xom.
  1220 | D:2      | Found a shimmering altar of Xom.
  1226 | D:2      | Reached XP level 4. HP: 15/24 MP: 5/11
  1519 | D:2      | Noticed Sigmund
  1549 | D:2      | Slain by Sigmund

Levels and vault maps discovered:
D:1:      lightli_arrival_boilingwater, layout_loops_ring, minmay_tetromino_s4
D:2:      layout_basic, overflow_temple_1_default,
          gammafunk_temple_overflow_wave, serial_glass, glass_columns_c,
          glass_columns_a, glass_columns_a, glass_columns_a, glass_columns_b,
          item_on_display_a, minmay_strange_pillars, minmay_strange_pillars,
          xom_teletrap_fun, uniq_sigmund

Skill      XL: |  1  2  3  4 |
---------------+-------------+-----
Fire Magic     | 4 |  4.8
Conjurations   | 2 |  2.5
Spellcasting   | 4 |  4.1
Dodging        | |  2.4
Stealth        | |  2.4

Action                   |  1- 3 |  4- 6 || total
-------------------------+-------+-------++-------
Melee: Unarmed           |     1 |       ||     1
 Cast: Flame Tongue      |    61 |     6 ||    67
  Eat: Chunk             |     1 |     1 ||     2
Armor: Robe              |     4 |     1 ||     5
Dodge: Dodged            |    18 |     3 ||    21
